Map: Deathaura LE

Players

Kas

  • Race: Terran Terran
  • League: Grandmaster
  • Spawn Location: 5:00

ShoWTimE - Winner!

  • Race: Protoss Protoss
  • Spawn Location: 11:00

Event: DreamHack SC2 Masters 2020 Summer Europe

VOD

Have the link to the VOD?

Description

Time

  • Played on: July 2, 2020, 12:03 p.m.
  • Length: 26:50

All games in this series

Show
View Real Time Build Order
Export as new Build Order

Kas Terran 

Build Orders: Reaper Expand 

Get SALT Encoding   

  12  0:01  SCV  
  13  0:13  SCV  
  14  0:17  Supply Depot  
  14  0:25  SCV  
  15  0:38  SCV  
  15  0:39  Barracks  
  16  0:45  Refinery  
  16  0:50  SCV  
  17  1:02  SCV  
  18  1:15  SCV  
  19  1:27  Orbital Command  
  19  1:29  Reaper  
  20  1:43  Command Center  
  20  1:50  Supply Depot  
  20  1:52  SCV  
  21  2:01  Marine  
  22  2:05  SCV  
  23  2:09  Factory  
  23  2:18  SCV  
  23  2:20  Bunker  
  24  2:23  Refinery  
  24  2:24  Barracks Reactor  
  24  2:31  SCV  
  25  2:43  SCV  
  26  2:55  SCV, Starport  
  26  2:56  Orbital Command  
  29  2:58  Hellion  
  29  3:01  Marine  
  29  3:02  Marine  
  31  3:10  SCV  
  32  3:19  Marine  
  35  3:20  Widow Mine, Marine  
  35  3:22  SCV  
  37  3:28  SCV  
  37  3:33  Medivac  
  40  3:35  SCV  
  40  3:36  Supply Depot  
  40  3:38  Marine  
  40  3:40  SCV  
  44  3:45  Widow Mine  
  46  3:48  Supply Depot  
  46  3:50  SCV  
  46  3:57  SCV, Marine  
  46  4:02  SCV  
  49  4:04  Barracks  
  49  4:08  Barracks, Factory Tech Lab  
  50  4:10  SCV  
  50  4:13  Marine  
  50  4:14  SCV, Starport Tech Lab  
  50  4:15  Supply Depot, Marine  
  53  4:22  SCV, Engineering Bay  
  54  4:24  Refinery  
  54  4:26  SCV  
  55  4:34  Siege Tank  
  55  4:36  SCV  
  55  4:38  SCV, Supply Depot  
  60  4:39  Marine  
  60  4:40  Starport Reactor  
  61  4:48  SCV  
  62  4:53  SCV  
  62  4:55  Terran Infantry Weapons Level 1  
  62  4:57  Supply Depot  
  63  5:00  SCV, Stimpack  
  63  5:01  Refinery, Marine x2, Barracks Tech Lab  
  63  5:05  SCV  
  65  5:08  Siege Tank  
  65  5:10  Marine  
  65  5:12  SCV  
  65  5:13  Supply Depot  
  70  5:17  SCV  
  71  5:21  Combat Shield, Missile Turret  
  71  5:22  Marine  
  71  5:24  SCV, Marine  
  71  5:26  Marine  
  73  5:29  SCV  
  74  5:35  Marine  
  74  5:36  SCV, Medivac  
  74  5:39  Supply Depot  
  74  5:40  Marine  
  74  5:41  Medivac  
  81  5:45  Marine x2  
  83  5:53  Supply Depot, Marine  
  83  5:55  Factory Reactor  
  84  5:58  Marine  
  84  6:03  Marine x2  
  87  6:06  Supply Depot  
  86  6:11  Marine  
  86  6:16  Marine  
  88  6:21  Command Center  
  88  6:23  Marauder  
  88  6:24  Marine  
  91  6:29  Marauder  
  91  6:34  Marine  
  91  6:36  Medivac x2, Widow Mine x2  
  100  6:40  Concussive Shells  
  100  6:41  Barracks  
  100  6:42  Marine  
  100  6:45  SCV x2, Marauder, Barracks  
  105  6:51  Marauder  
  107  6:59  Barracks  
  107  7:01  Barracks  
  107  7:03  Marine x2  
  107  7:05  Widow Mine x2  
  107  7:06  Marauder  
  107  7:07  SCV x2  
  117  7:21  Marine  
  118  7:25  Terran Infantry Armor Level 1  
  118  7:26  Supply Depot  
  118  7:27  Supply Depot  
  118  7:29  Barracks Tech Lab  
  118  7:31  Barracks Reactor  
  118  7:32  Medivac  
  118  7:33  SCV x2, Marauder x2  
  118  7:34  Orbital Command  
  126  7:45  SCV  
  126  7:48  Marine x2, Widow Mine  
  126  7:49  Widow Mine  
  133  7:54  Marauder  
  133  7:55  SCV  
  133  7:56  Medivac  
  133  7:57  Marauder x2  
  133  7:58  SCV  
  142  8:01  SCV  
  142  8:16  Marauder  
  142  8:18  Marauder  
  140  8:23  Marauder, Marine x2  
  140  8:24  Marine  
  140  8:25  Widow Mine x2  
  145  8:28  Supply Depot  
  145  8:31  Supply Depot  
  145  8:33  Supply Depot, Liberator  
  148  8:36  Marine  
  148  8:39  Barracks Reactor  
  149  8:50  SCV x3, Marauder, Liberator  
  149  8:51  Supply Depot  
  149  8:53  Marauder  
  149  8:54  Supply Depot  
  159  8:59  Marauder x2, Ghost Academy  
  159  9:02  SCV x2  
  165  9:04  Marine  
  165  9:05  Marine x3  
  165  9:07  Widow Mine  
  171  9:11  Armory  
  170  9:17  Marine x2  
  170  9:18  Marine  
  172  9:24  Marine x2  
  172  9:25  Marauder x2  
  178  9:41  Ghost x2  
  178  9:42  Marine x2  
  179  9:55  Command Center  
  144  10:03  Ghost x2  
  144  10:04  Marine x4  
  135  10:08  Widow Mine x2  
  135  10:09  Marine x2  
  135  10:10  Medivac x2  
  135  10:11  SCV x2  
  135  10:13  Terran Infantry Weapons Level 2  
  143  10:15  Engineering Bay  
  143  10:16  Marine  
  143  10:17  Marine  
  143  10:19  SCV  
  146  10:26  SCV x2  
  148  10:31  SCV  
  148  10:33  Marine x2  
  148  10:34  Marine  
  148  10:35  Missile Turret, Marine  
  153  10:36  Missile Turret  
  153  10:39  Missile Turret, Marine  
  154  10:46  Widow Mine x2  
  153  10:57  Ghost  
  155  11:04  Marauder x2, Marine x3  
  155  11:06  Planetary Fortress  
  155  11:07  Missile Turret  
  155  11:08  SCV x2  
  155  11:09  SCV  
  165  11:13  Marauder, Marine x2  
  165  11:14  Refinery x2, Marine  
  170  11:25  Ghost x2, Marine x2  
  170  11:26  Marauder  
  170  11:28  Terran Infantry Armor Level 2, Barracks  
  170  11:30  SCV  
  177  11:41  Marauder, Marine x3  
  177  11:44  Terran Ship Weapons Level 1, SCV x2  
  177  11:46  SCV  
  185  11:47  Marauder, Sensor Tower  
  185  11:53  Marine x2  
  185  11:54  Ghost  
  189  11:57  SCV  
  189  11:58  SCV  
  189  12:00  Marine  
  194  12:10  SCV  
  195  12:19  SCV  
  164  12:42  Marauder x2, Marine x2  
  164  12:43  Marauder, Barracks Tech Lab  
  150  12:54  Marauder, Marine  
  150  12:55  Marine, Liberator  
  155  12:59  Command Center  
  155  13:02  Marauder, Marine x3  
  155  13:03  Terran Infantry Weapons Level 3  
  155  13:04  SCV x2, Marauder x2  
  155  13:05  SCV  
  160  13:13  Marauder  
  160  13:15  Marauder  
  160  13:16  SCV x2  
  160  13:18  Viking  
  164  13:23  Starport  
  164  13:27  SCV  
  164  13:29  Marauder x2  
  164  13:31  Marine x3  
  164  13:32  Marine x2  
  164  13:34  SCV  
  175  13:37  Marine x2  
  175  13:38  Viking, Command Center  
  175  13:39  Marauder  
  181  13:48  Viking  
  147  14:07  Viking x2  
  147  14:09  Marauder x4, Marine x3  
  148  14:10  Marine x2  
  148  14:11  Planetary Fortress  
  148  14:15  Missile Turret  
  151  14:18  SCV  
  151  14:19  SCV x2  
  151  14:21  Marauder  
  156  14:38  Viking x2  
  158  14:39  Viking x2  
  158  14:40  Ghost x2  
  158  14:44  Marine x3  
  158  14:45  Marine x2  
  172  14:48  Refinery  
  172  14:49  Refinery  
  172  14:51  Fusion Core  
  173  14:56  Marine x2  
  173  14:57  Ghost x2  
  179  15:02  Missile Turret, Marine  
  180  15:09  Ghost  
  179  15:18  Marauder x2, Marine x2  
  179  15:20  SCV x2  
  175  15:22  Medivac x2  
  175  15:23  Liberator x2  
  185  15:29  Planetary Fortress  
  185  15:32  Marauder, Marine  
  188  15:40  Marauder x2  
  188  15:41  Marine  
  188  15:42  Marine x3  
  196  15:46  Advanced Ballistics  
  196  15:52  Sensor Tower  
  196  15:55  Liberator  
  199  15:58  Terran Ship Weapons Level 2  
  192  16:28  Liberator x2  
  198  16:47  Ghost  
  198  16:48  Command Center  
  191  17:16  Liberator x2  
  192  17:35  Ghost x2  
  185  17:37  Ghost x2  
  185  17:41  Ghost  
  185  17:42  Marine x2  
  192  17:46  Marine x2  
  189  17:57  Liberator  
  189  17:58  Liberator  
  163  17:59  Marine x2  
  163  18:00  Marine x2  
  163  18:04  Ghost, Marine x2  
  163  18:05  Marauder, Liberator x2  
  175  18:06  Marauder x2  
  175  18:10  Marauder  
  181  18:17  Marine x3  
  184  18:26  Marauder  
  186  18:27  Marauder  
  186  18:28  Marauder  
  186  18:32  Marauder  
  186  18:33  Marauder, Marine  
  186  18:34  Marine x2  
  196  18:35  Marine  
  196  18:47  Marauder  
  197  18:49  Marauder, Marine x2  
  197  18:53  Marauder  
  200  18:57  Missile Turret  
  200  19:05  Terran Vehicle And Ship Armor Level 1  
  200  19:06  Terran Infantry Armor Level 3  
  200  19:07  Marine x2  
  194  19:20  Command Center  
  164  19:26  Marine  
  164  19:27  Marauder x2, Marine x2  
  164  19:28  Planetary Fortress  
  164  19:31  Marauder x2, Marine x2  
  169  19:43  Liberator x2  
  169  19:45  Marauder, Marine x4  
  178  19:48  Marauder, Marine x2  
  178  19:49  Marine  
  178  19:50  SCV x2  
  178  19:51  Refinery x2  
  178  19:52  Marine x2  
  190  19:53  SCV x2  
  192  20:03  Marine x3  
  177  20:09  Ghost  
  179  20:18  Liberator  
  179  20:19  Liberator  
  179  20:20  Marauder x2, Marine x5  
  179  20:21  Marine  
  195  20:32  Marine x2  
  197  20:38  Marine x3  
  178  21:03  Marauder  
  165  21:04  Orbital Command  
  162  21:15  Marauder x2  
  163  21:30  Ghost x2  
  163  21:31  Marine  
  151  21:37  Marine x2  
  151  21:38  Marine x3  
  152  21:40  Marine  
  152  21:41  Marine x2  
  140  21:57  Marine x2  
  140  21:59  Marauder x2  
  128  22:01  Marine  
  128  22:02  Marine x3  
  128  22:03  Marine  
  118  22:24  Marine  
  75  23:17  Marine  
  76  23:34  Marine x2  
  79  23:35  Marine  
  75  23:44  Orbital Command  
  71  23:51  Marine  
  56  24:20  Marine x3  
  56  24:21  Marine  
  60  24:38  Marine x4  
  60  24:40  Orbital Command  
  64  24:56  Marine x3  
  64  24:59  Orbital Command  
  62  25:23  Marine  
  38  26:02  Marine x2  
Show
View Real Time Build Order
Export as new Build Order

ShoWTimE Protoss - Winner!

Build Orders: 1 Gate Expand, Blink Stalkers, Chargelot Immortal 

Get SALT Encoding   

  12  0:00  Probe  
  13  0:12  Probe  
  14  0:17  Pylon  
  14  0:24  Probe  
  15  0:32  Probe  
  15  0:36  Gateway  
  15  0:40  Probe  
  16  0:46  Assimilator  
  17  0:51  Probe  
  18  1:03  Probe  
  19  1:15  Probe  
  20  1:24  Cybernetics Core  
  20  1:32  Nexus  
  20  1:35  Probe  
  21  1:42  Pylon  
  21  1:47  Probe  
  21  1:51  Adept, Assimilator  
  22  1:59  Probe  
  22  2:01  Warp Gate  
  25  2:11  Probe, Stalker  
  28  2:23  Probe  
  29  2:35  Twilight Council, Probe  
  30  2:40  Probe  
  30  2:42  Blink  
  30  2:43  Stalker  
  32  2:47  Probe  
  32  2:48  Probe  
  35  2:58  Probe  
  35  2:59  Probe  
  35  3:02  Gateway  
  37  3:10  Probe  
  37  3:12  Probe  
  39  3:22  Probe  
  39  3:24  Probe, Pylon  
  39  3:34  Probe  
  39  3:35  Robotics Facility  
  39  3:36  Probe  
  41  3:47  Nexus  
  41  3:48  Probe  
  42  3:50  Sentry  
  42  3:52  Probe  
  42  3:54  Pylon  
  45  3:59  Assimilator  
  45  4:00  Probe  
  45  4:02  Phoenix  
  46  4:04  Probe  
  46  4:07  Pylon  
  46  4:08  Stalker  
  49  4:12  Probe  
  49  4:16  Probe  
  51  4:17  Stalker  
  51  4:23  Pylon, Observer  
  55  4:24  Probe  
  55  4:28  Probe  
  56  4:31  Stalker  
  56  4:37  Probe  
  59  4:40  Probe  
  59  4:45  Observer  
  61  4:46  Stalker  
  61  4:49  Probe  
  64  4:53  Probe  
  64  4:54  Stalker  
  64  4:59  Gateway  
  67  5:00  Gateway  
  67  5:04  Charge  
  67  5:05  Probe  
  67  5:06  Forge  
  68  5:10  Probe  
  68  5:11  Protoss Ground Armor Level 1  
  69  5:27  Gateway  
  69  5:31  Probe x3  
  69  5:32  Gateway  
  69  5:33  Gateway  
  72  5:35  Gateway  
  72  5:36  Shield Battery, Pylon  
  72  5:37  Observer  
  73  5:43  Probe x3  
  73  5:49  Sentry, Pylon  
  78  5:51  Immortal  
  78  5:54  Sentry  
  80  6:06  Pylon  
  84  6:11  Zealot x2  
  84  6:14  Probe x3  
  84  6:16  Assimilator  
  91  6:19  Pylon  
  91  6:20  Pylon  
  91  6:23  Immortal, Zealot x2  
  91  6:24  Pylon  
  95  6:30  Zealot x4  
  107  6:37  Pylon  
  107  6:38  Zealot x2  
  111  6:44  Zealot x2  
  115  6:48  Observer  
  115  6:54  Immortal  
  115  6:55  Zealot x4  
  123  7:03  Zealot x2  
  123  7:07  Templar Archives, Protoss Ground Weapons Level 1  
  131  7:13  Probe x3, Pylon  
  134  7:22  Stalker x3  
  135  7:23  Zealot  
  135  7:24  Observer  
  142  7:30  Probe x3  
  142  7:32  Assimilator  
  142  7:34  Pylon  
  144  7:40  Immortal  
  144  7:42  Zealot x2  
  152  7:50  Pylon, High Templar x2  
  156  7:53  Archon  
  156  7:59  Assimilator  
  156  8:01  Zealot x2  
  156  8:02  Zealot x2  
  156  8:03  Psionic Storm  
  160  8:08  Zealot x2  
  163  8:16  Probe  
  163  8:17  Warp Prism  
  148  8:26  Pylon, High Templar  
  144  8:29  High Templar  
  144  8:31  Probe x2, Photon Cannon  
  144  8:33  Probe  
  151  8:34  Photon Cannon  
  151  8:35  Zealot x3  
  157  8:45  Nexus  
  157  8:47  High Templar x2  
  161  8:52  Pylon  
  159  8:58  High Templar  
  159  9:00  Protoss Ground Armor Level 2, Zealot x4  
  159  9:02  Observer  
  170  9:06  Pylon  
  170  9:08  Pylon  
  170  9:12  Robotics Bay  
  170  9:14  Zealot  
  172  9:24  Forge  
  172  9:25  Robotics Facility  
  172  9:33  Zealot x5  
  178  9:46  Pylon  
  171  9:53  Nexus  
  171  9:54  Pylon  
  171  9:56  Protoss Ground Weapons Level 2  
  145  10:05  Warp Prism  
  145  10:06  Archon  
  139  10:08  High Templar x4  
  139  10:10  Probe x3  
  144  10:17  Observer  
  144  10:22  Probe x3, High Templar  
  144  10:23  Archon  
  144  10:25  Colossus  
  149  10:34  Probe x2  
  149  10:36  Photon Cannon  
  149  10:37  Shield Battery  
  155  10:45  Colossus  
  155  10:46  Stalker x4  
  163  10:51  Zealot x3  
  163  10:54  Probe x3  
  165  11:14  Zealot x5  
  165  11:15  Zealot  
  177  11:19  High Templar  
  177  11:22  Colossus  
  178  11:31  Nexus  
  184  11:37  Dark Shrine, Colossus  
  184  11:40  Extended Thermal Lance  
  184  11:46  Pylon  
  190  11:58  Pylon  
  190  12:06  High Templar  
  188  12:08  Photon Cannon  
  188  12:10  Photon Cannon  
  188  12:12  Pylon  
  177  12:26  Colossus  
  157  12:31  Disruptor  
  157  12:36  Zealot x7  
  157  12:41  Zealot x8  
  142  12:45  Probe x3  
  138  12:56  Disruptor  
  128  13:02  Stalker x8  
  142  13:06  Probe x4  
  142  13:09  Protoss Ground Armor Level 3  
  142  13:11  Disruptor  
  138  13:25  Probe x2  
  138  13:26  Assimilator  
  143  13:31  Sentry  
  143  13:32  Sentry, Zealot x6, Assimilator  
  143  13:33  Protoss Ground Weapons Level 3  
  159  13:40  Pylon  
  141  14:05  Disruptor  
  141  14:06  Zealot x6  
  141  14:07  Disruptor  
  141  14:08  Stalker x2  
  139  14:14  Probe  
  143  14:23  Nexus  
  146  14:24  Pylon  
  146  14:25  Probe  
  146  14:27  Dark Templar x3  
  147  14:31  Zealot x2  
  147  14:35  Probe x2  
  147  14:37  Disruptor  
  150  14:41  Sentry x3  
  156  14:47  Probe, Disruptor  
  162  15:07  Stalker x4  
  165  15:17  Warp Prism, Stalker x3  
  165  15:20  Dark Templar  
  171  15:38  Assimilator  
  171  15:40  Assimilator, High Templar  
  171  15:41  High Templar  
  171  15:42  Disruptor  
  175  15:44  Photon Cannon  
  175  15:45  High Templar  
  175  15:46  Disruptor  
  175  15:47  Photon Cannon  
  175  15:49  Shield Battery  
  183  15:57  Protoss Shields Level 1  
  180  16:07  Zealot x5  
  188  16:19  Zealot x3  
  193  16:32  Dark Templar  
  193  16:34  Dark Templar x2  
  193  16:35  Shadow Stride  
  197  16:48  Dark Templar  
  199  17:05  Nexus  
  193  17:15  Stalker x4, Zealot  
  189  17:35  Zealot x2  
  189  17:36  Zealot x2  
  195  17:40  Dark Templar x2  
  195  17:54  Gateway  
  173  17:58  Stalker x6  
  173  17:59  Disruptor x2  
  173  18:00  Gateway  
  173  18:03  Gateway  
  179  18:14  Pylon  
  179  18:15  Dark Templar x2  
  179  18:16  Unknown  
  183  18:20  Unknown  
  183  18:21  Dark Templar x6  
  183  18:22  Gateway  
  183  18:24  Gateway  
  194  18:33  Observer  
  193  18:48  Pylon  
  189  18:51  Zealot x6  
  189  19:09  Zealot x5  
  197  19:12  Zealot  
  199  19:20  Disruptor x2  
  147  19:27  Stalker x5  
  143  19:36  Zealot x6, Nexus  
  155  19:50  Dark Templar x5  
  165  19:57  Dark Templar x6  
  169  20:07  Stalker x2  
  173  20:21  Photon Cannon  
  173  20:23  Photon Cannon  
  173  20:25  Zealot x5, Photon Cannon  
  173  20:27  Disruptor x2  
  189  20:29  Assimilator  
  189  20:31  Assimilator  
  189  20:34  Pylon  
  187  20:43  Nexus  
  183  20:56  Zealot x9  
  189  21:19  Stalker x5, Nexus  
  197  21:28  High Templar x2  
  193  21:52  Dark Templar x5  
  183  22:18  Nexus  
  161  22:32  Nexus  
  161  22:37  Dark Templar  
  160  22:38  High Templar x2  
  158  22:50  High Templar x2  
  127  24:22  Pylon  
  127  24:25  Pylon  
  125  24:33  Zealot x8  
  141  24:47  Pylon  
  141  24:53  Dark Templar x3  
  147  25:04  Zealot  
  149  25:10  Pylon  
  149  25:12  Pylon  
  149  25:14  Pylon  
  137  25:31  Cybernetics Core  
  137  25:33  Gateway  
  137  25:34  Zealot x5  
  137  25:35  Gateway  
  147  25:48  Pylon  
  145  25:51  Pylon  
Tags
 
Add a new tag
Caveats
  • Supply blocks, unpowered buildings, or Contaminate may cause inaccurate times.
  • Supply counts are checked every 10 seconds.